 Dungeon Crawl Stone Soup version 0.30-a0-1123-gabc949cf19 (webtiles) character file.

Game seed: 1854998795473332999

1498 Arzdou the Digger (level 8, -10/47 HPs)
             Began as an Octopode Earth Elementalist on Apr 22, 2023.
             Was an Initiate of Ashenzari.
             Killed from afar by a steam dragon (19 damage)
             ... with a ball of steam
             ... on level 7 of the Dungeon.
             The game lasted 00:13:16 (6769 turns).

Arzdou the Digger (Octopode Earth Elementalist)     Turns: 6769, Time: 00:13:17

Health: -10/47     AC:  1    Str:  8    XL:     8   Next: 81%
Magic:  3/15       EV: 13    Int: 19    God:    Ashenzari [......]
Gold:   367        SH:  5    Dex: 12    Spells: 13/17 levels left

rFire   . . .        (no weapon)
rCold   . . .        (no shield)
rNeg    . . .        (helmet restricted)
rPois   .            i - amulet of reflection
rElec   .            h - +4 ring of slaying
rCorr   .            (no ring)
SInv    .            (no ring)
Will    .....        (no ring)
Stlth   +++          (no ring)
HPRegen 0.27/turn    (no ring)
MPRegen 0.14/turn    (no ring)
                     (no ring)

%: reflection
@: no status effects
A: almost no armour, amphibious, 8 rings, camouflage 1, gelatinous body 1,
(nimble swimmer 1), tentacles
a: Renounce Religion, Curse Item


You were on level 7 of the Dungeon.
You worshipped Ashenzari.
Ashenzari was noncommittal.
You visited 2 branches of the dungeon, and saw 8 of its levels.

You collected 367 gold pieces.

Inventory:

Jewellery
 e - an amulet of guardian spirit
 h - a +4 ring of slaying (left tentacle)
 i - an amulet of reflection (around mantle)
 q - a +6 ring of intelligence
Wands
 o - a wand of flame (20)
Scrolls
 d - 2 scrolls of teleportation
 g - a scroll of identify
 j - a scroll of amnesia
 l - a scroll of enchant weapon
 m - a scroll of silence
 n - a scroll of enchant armour
 p - 3 scrolls of poison
 u - a scroll of fog
 v - a scroll of torment
Potions
 a - 3 potions of magic
 b - 5 potions of curing
 c - a potion of mutation
 f - 2 potions of might
 k - a potion of berserk rage {unknown}
 r - 2 potions of heal wounds
 s - a potion of ambrosia {unknown}
 t - a potion of brilliance
 w - a potion of haste


   Skills:
 + Level 0.9 Fighting
 + Level 3.2 Dodging
 + Level 3.5 Stealth
 + Level 0.2 Shields
 + Level 0.3 Unarmed Combat
 + Level 5.1 Spellcasting
 * Level 4.3 Conjurations
 + Level 1.0 Transmutations
 * Level 7.9 Earth Magic


You had 13 spell levels left.
You knew the following spells:

 Your Spells              Type           Power      Damage    Failure   Level
a - Sandblast             Erth           70%        2d15      1%          1
b - Stone Arrow           Conj/Erth      56%        3d10      3%          3

Your spell library contained the following spells:

 Spells                   Type           Power      Damage    Failure   Level
 Passwall                 Tmut/Erth      17%        N/A       3%          2
 Apportation              Tloc           8%         N/A       12%         1
 Petrify                  Tmut/Erth      21%        N/A       19%         4
 Alistair's Intoxication  Tmut/Pois      4%         N/A       95%         5


Dungeon Overview and Level Annotations

Branches:
Dungeon (7/15)             Temple (1/1) D:5

Altars:
Ashenzari
Elyvilon
Nemelex Xobeh
Ru
Uskayaw
Yredelemnul

Annotations:
D:4 3 runed translucent doors, Arzdou's ghost, amateur OpEE; Dowan; Duvessa; Grinder


Innate Abilities, Weirdness & Mutations

You cannot wear most types of armour.
You are amphibious.
You can wear up to eight rings at the same time.
Your skin changes colour to match your surroundings (Stealth+).
Your rubbery body absorbs attacks. (AC +1, EV +1)
((You are camouflaged when in or above water. (Stealth+)))
You have tentacles for arms and can constrict up to eight enemies at once.


Message History

Casting: Stone Arrow (dangerous; 3% risk of failure)
Confirm with . or Enter, or press ? or * to list all spells.
Aiming: Stone Arrow (dangerous; 3% risk of failure)
Press: ? - help, Shift-Dir - straight line, f/p - steam dragon
Aim: a steam dragon (heavily wounded, 71% to hit)
The stone arrow misses the steam dragon.
The steam dragon bites you. The steam dragon closely misses you.
The blast of sand hits the steam dragon!
The steam dragon is severely wounded.
You block the steam dragon's attack. The steam dragon barely misses you.
The blast of sand hits the steam dragon.
The steam dragon is almost dead.
The steam dragon bites you. The steam dragon closely misses you.
The steam dragon bites you. You block the steam dragon's attack.
You are too injured to fight recklessly!
Unknown command.
You are too injured to fight recklessly!
Casting: Sandblast (safe; 1% risk of failure)
Confirm with . or Enter, or press ? or * to list all spells.
Aiming: Sandblast (safe; 1% risk of failure)
Press: ? - help, Shift-Dir - straight line, f/p - steam dragon
Aim: a steam dragon (almost dead, 84% to hit)
The blast of sand hits the steam dragon.
The steam dragon is almost dead.
The steam dragon breathes steam at you. The ball of steam misses you.
Your magical contamination has completely faded away.
Casting: Sandblast (safe; 1% risk of failure)
Confirm with . or Enter, or press ? or * to list all spells.
Aiming: Sandblast (safe; 1% risk of failure)
Press: ? - help, Shift-Dir - straight line, f/p - steam dragon
Aim: a steam dragon (steam, almost dead, 84% to hit)
The blast of sand hits the steam dragon.
The steam dragon is almost dead.
The steam dragon bites you!
* * * LOW HITPOINT WARNING * * *
The steam dragon misses you. The steam dragon breathes steam at you.
The ball of steam hits you!!
You die...

....#...#.......#.#
###.............#.#
..............#.#
................##
.####........<....##.#
..##.............# .#
#.....§.#.###.#
#......§§§# #
#......§@§#
##.#####§D# .. #..#
#..# #..# #..# #..#
....


You could see a steam dragon (catching breath).

Vanquished Creatures
  A steam dragon (D:6)
  A sky beast (D:6)
  2 black bears
  2 ogres
  The ghost of bmj180 the Chiller, an amateur MfIE (D:3)
  A centaur (D:6)
  A phantom (D:5)
  3 wights (D:7)
  A gnoll bouda (D:5)
  3 orc priests
  3 hounds
  A sleepcap (D:4)
  An iguana (D:4)
  An orc wizard (D:5)
  Robin (D:4)
  4 gnolls (D:5)
  5 adders
  A shadow imp (D:6)
  3 ufetubi
  4 worms (D:4)
  3 dart slugs
  21 orcs
  5 ball pythons
  6 bats
  6 endoplasms
  3 giant cockroaches
  9 hobgoblins
  A quokka (D:3)
  2 frilled lizards (D:2)
  19 goblins
  12 kobolds
  8 rats
135 creatures vanquished.

Vanquished Creatures (others)
  2 plants (D:3)
2 creatures vanquished.

Grand Total: 137 creatures vanquished

Notes
Turn   | Place    | Note
-------+----------+-------------------------------------------
     0 | D:1      | Arzdou the Octopode Earth Elementalist began the quest for
                  | the Orb.
     0 | D:1      | Reached XP level 1. HP: 11/11 MP: 3/3
   176 | D:1      | Reached XP level 2. HP: 17/17 MP: 0/5
   991 | D:2      | Reached XP level 3. HP: 21/21 MP: 4/6
  1954 | D:3      | Reached XP level 4. HP: 21/27 MP: 2/8
  2007 | D:3      | Learned a level 3 spell: Stone Arrow
  2271 | D:3      | Reached skill level 4 in Earth Magic
  2361 | D:3      | Reached XP level 5. HP: 17/31 MP: 1/9
  2479 | D:3      | Reached skill level 1 in Conjurations
  2714 | D:3      | Found a large runed translucent door.
  2714 | D:3      | Found a large runed translucent door.
  2715 | D:3      | Noticed bmj180's ghost (amateur MfIE)
  3091 | D:3      | Killed bmj180's ghost
  3197 | D:4      | Reached XP level 6. HP: 36/36 MP: 4/11
  3214 | D:4      | Found a runed translucent gate.
  3214 | D:4      | Found a runed translucent gate.
  3214 | D:4      | Found a runed translucent gate.
  3259 | D:4      | Noticed Arzdou's ghost (amateur OpEE)
  3326 | D:4      | Reached skill level 5 in Earth Magic
  3414 | D:4      | Noticed Duvessa
  3581 | D:4      | Noticed a black bear
  3613 | D:4      | Killed a black bear
  3614 | D:4      | Reached XP level 7. HP: 41/41 MP: 6/12
  3712 | D:4      | Noticed Robin
  3822 | D:4      | Killed Robin
  4139 | D:4      | Found a sacrificial altar of Ru.
  4147 | D:4      | Noticed Dowan
  4189 | D:5      | Entered Level 5 of the Dungeon
  4256 | D:5      | Reached skill level 6 in Earth Magic
  4528 | D:4      | Noticed Grinder
  4773 | D:5      | Found a staircase to the Ecumenical Temple.
  4782 | Temple   | Entered the Ecumenical Temple
  4910 | D:5      | HP: 2/41 [gnoll/+0 club[a gnoll bouda] (2)]
  5083 | Temple   | Became a worshipper of Ashenzari the Shackled
  5718 | D:6      | Reached XP level 8. HP: 47/47 MP: 9/14
  5855 | D:6      | Reached skill level 7 in Earth Magic
  6420 | D:6      | Found a hide-covered altar of Uskayaw.
  6508 | D:7      | Reached skill level 5 in Spellcasting
  6769 | D:7      | Killed from afar by a steam dragon

Illustrated notes

Levels and vault maps discovered:
D:1:      dpeg_arrival_short_road, layout_loops_corners, minmay_fountain_box,
          minivault_19, minivault_26, minmay_misc_feat_encased
D:2:      layout_loops_ring, serial_glass, glass_columns_c, glass_columns_c,
          glass_columns_b, glass_columns_b, feat_on_display,
          minmay_strange_pillars, minmay_strange_pillars
D:3:      corexii_shack_village, layout_basic, serial_glass, glass_columns_b,
          glass_columns_c, glass_columns_a, glass_columns_b, glass_columns_a,
          ebering_ghost_disaster_area
D:4:      layout_gridville, mainiacjoe_overflow_alcove_1,
          gammafunk_ghost_nasty_kobolds, nicolae_wormholes, uniq_duvessa,
          uniq_grinder, uniq_robin
D:5:      layout_basic, minmay_temple_entry_waves
D:6:      layout_basic, kennysheep_mini_moat, kennysheep_generic_room_8
D:7:      layout_rooms, cheibrodos_worm_habitat, nicolae_shop_gadgets
Temple:   nicolae_temple_superstar

Skill      XL: |  1  2  3  4  5  6  7  8 |
---------------+-------------------------+-----
Stealth        | 3 |  3.5
Earth Magic    | 4 5 6 7 |  7.9
Conjurations   | 1 2 3 4 |  4.3
Spellcasting   | 3 4 5 |  5.1
Dodging        | 3 |  3.2
Fighting       | |  0.9
Shields        | |  0.2
Unarmed Combat | |  0.3
Transmutations | |  1.0

Action                     |  1- 3 |  4- 6 |  7- 9 || total
---------------------------+-------+-------+-------++-------
  Melee: Unarmed           |     2 |     7 |    12 ||    21
         Constrict         |       |       |     2 ||     2
         Punch             |       |       |     1 ||     1
   Cast: Sandblast         |    60 |    66 |    70 ||   196
         Stone Arrow       |       |     4 |    33 ||    37
    Use: Scroll            |     4 |     3 |    11 ||    18
         Potion            |       |     1 |     2 ||     3
 Armour: Skin              |     5 |     7 |    10 ||    22
  Dodge: Dodged            |    22 |    16 |    43 ||    81
  Block: Other             |       |     5 |    17 ||    22

Table legend: (Time is in decaauts)
 A = Elapsed time spent in this place.
 B = Non-inter-level travel time spent in this place.
 C = Inter-level travel time spent in this place.
 D = Time resting spent in this place.
 E = Time spent auto-exploring this place.
 F = Levels seen in this place.
 G = Mean time per level.
                   A        B        C        D        E       F      G
               +--------+--------+--------+--------+--------+-----+--------+
         Total |   6872 |   6734 |    138 |    610 |   5074 |   8 |  859.0 |
       Dungeon |   6850 |   6712 |    138 |    610 |   5074 |   7 |  978.6 |
        Temple |     21 |     21 |      0 |      0 |      0 |   1 |   21.0 |
               +--------+--------+--------+--------+--------+-----+--------+

Top non-repeatable levels by time:
     D:3: 1405 daAuts
     D:5: 1314 daAuts
     D:4: 1040 daAuts
     D:1: 998 daAuts
     D:6: 974 daAuts
     D:2: 923 daAuts
     D:7: 194 daAuts
  Temple: 21 daAuts
